 Dungeon Crawl Stone Soup version 0.23.2-33-g5129a83184 (webtiles) character file.

Game seed: 11096946562603053536

41 Destapler the Chopper (level 3, 0/34 HPs)
             Began as a Deep Dwarf Berserker on June 30, 2019.
             Was a Follower of Trog.
             Slain by a worm (7 damage)
             ... on level 2 of the Dungeon.
             The game lasted 00:09:39 (873 turns).

Destapler the Chopper (Deep Dwarf Berserker)         Turns: 873, Time: 00:09:39

Health: 0/34       AC:  7    Str: 20    XL:     3   Next: 32%
Magic:  2/2        EV: 11    Int:  8    God:    Trog [*.....]
Gold:   60         SH:  0    Dex: 12    Spells: 2/2 levels left

rFire    . . .     SeeInvis .   a - +0 hand axe
rCold    . . .     Gourm    .   (no shield)
rNeg     . . .     Faith    .   d - +1 scale mail
rPois    .         Spirit   .   (no helmet)
rElec    .         Reflect  .   (no cloak)
rCorr    .         Harm     .   (no gloves)
MR       .....                  (no boots)
Stlth    ..........             o - amulet of inaccuracy (curse)
HPRegen  0.00/turn              (no ring)
MPRegen  0.08/turn              (no ring)

@: very slightly contaminated, non-regenerating
A: damage resistance, heal wounds, sense surroundings 1, no regeneration
a: Heal Wounds, Berserk, Renounce Religion


You were on level 2 of the Dungeon.
You worshipped Trog.
Trog was aware of your devotion.
You were not hungry.

You visited 1 branch of the dungeon, and saw 3 of its levels.

You collected 60 gold pieces.

Inventory:

Hand Weapons
 a - a +0 hand axe (weapon)
 g - a +2 dagger of venom
 m - a +0 hunting sling
Missiles
 e - 39 bolts
Armour
 b - a +0 animal skin
 d - a +1 scale mail (worn)
Jewellery
 o - a cursed amulet of inaccuracy (around neck)
Potions
 f - a potion of agility
 i - a potion of brilliance {unknown}
 l - a potion of heal wounds {unknown}
Comestibles
 c - 5 rations
 n - 2 chunks of flesh


   Skills:
 + Level 3.1 Fighting
 + Level 4.1 Axes
 + Level 2.4 Armour
 + Level 2.6 Dodging
 + Level 0.1 Stealth


You had 2 spell levels left.
You didn't know any spells.
Your spell library was empty.

Dungeon Overview and Level Annotations

Branches:
Dungeon (3/15)

Altars:


Innate Abilities, Weirdness & Mutations

You are resistant to damage.
You can heal yourself by infusing magical energy.
You passively map a small area around you.
You do not regenerate.


Message History

You hit the worm but do no damage.
You hit the giant cockroach but do no damage.
The giant cockroach misses you. The worm bites you but does no damage.
The giant cockroach bites you but does no damage.
You hit the worm.
The worm is moderately wounded.
You hit the giant cockroach but do no damage.
The giant cockroach barely misses you.
You hit the worm.
The worm is moderately wounded.
You hit the giant cockroach.
The giant cockroach bites you but does no damage.
The worm bites you!
* * * LOW HITPOINT WARNING * * *
You slash the worm!
The worm is severely wounded.
You hit the giant cockroach.
The giant cockroach bites you but does no damage.
The giant cockroach misses you. The worm bites you!
You die...

#.#.......########.###.
* ##.###...###.. ,
#.#... , ... #...# #. ,
#.#.## ...###...#.%,
#.#., ,..........#. ##
#.# ....>....... ...,,
..., , .......#.#,....
*... ** ,
.......†.#..... , *
......)@w...... , , ,
...####s###.... * * *
#....# ,. * * ####.#,
,, ...,, #.. * ### ,


You could see a worm and a giant cockroach.

Vanquished Creatures
  An adder (D:2)
  3 worms (D:2)
  2 bats
  2 goblins (D:2)
  2 hobgoblins
  7 jackals (D:1)
  2 frilled lizards (D:1)
  2 kobolds
  A rat (D:1)
22 creatures vanquished.

Notes
Turn   | Place    | Note
-------+----------+-------------------------------------------
     0 | D:1      | Destapler the Deep Dwarf Berserker began the quest for the
                  | Orb.
     0 | D:1      | Reached XP level 1. HP: 20/20 MP: 1/1
   144 | D:1      | Reached XP level 2. HP: 20/27 MP: 2/2
   761 | D:2      | HP: 1/28 [adder (2)]
   770 | D:2      | Reached skill level 4 in Axes
   770 | D:2      | Reached XP level 3. HP: 31/34 MP: 2/2
   873 | D:2      | Slain by a worm

Skill      XL: |  1  2 |
---------------+-------+-----
Fighting       | 3 |  3.1
Axes           | 4 |  4.1
Armour         | |  2.4
Dodging        | |  2.6
Stealth        | |  0.1

Action                   || total
-------------------------++-------
Melee: Hand axe          ||   100
 Abil: Heal Wounds       ||     2
  Use: Potion            ||     1
       Scroll            ||     3
 Stab: Sleeping          ||     1
Armor: Animal skin       ||    12
       Scale mail        ||    11
Dodge: Dodged            ||    66
